 Dungeon Crawl Stone Soup version 0.22-a0-419-g492bfec (webtiles) character file.

105 Mgcat the Skirmisher (level 4, -3/41 HPs)
             Began as a Ghoul Fighter on May 15, 2018.
             Killed from afar by Sigmund (7 damage)
             ... with a wand of flame (23)
             ... on level 3 of the Dungeon.
             The game lasted 00:03:05 (1859 turns).

Mgcat the Skirmisher (Ghoul Fighter)                Turns: 1859, Time: 00:03:05

Health: -3/41      AC:  6    Str: 19    XL:     4   Next: 83%
Magic:  3/3        EV:  7    Int:  4    God:
Gold:   158        SH:  8    Dex: 11    Spells: 3/3 levels left

rFire    . . .     SeeInvis .     - Unarmed
rCold    + . .     Gourm    .   b - +0 shield
rNeg     + + +     Faith    .   a - +0 scale mail
rPois    ∞         Spirit   .   (no helmet)
rElec    .         Reflect  .   (no cloak)
rCorr    .         Harm     .   (no gloves)
MR       .....                  (no boots)
Stlth    ..........             (no amulet)
HPRegen  0.00/turn              v - +3 ring of dexterity
MPRegen  0.08/turn              (no ring)

@: rotting
A: rotting body, claws 1, carnivore, cold resistance 1, negative energy
resistance 3, inhibited regeneration, torment resistance, unbreathing
a: no special abilities


You were on level 3 of the Dungeon.
You were not hungry.

You visited 1 branch of the dungeon, and saw 3 of its levels.

You collected 158 gold pieces.

Inventory:

Hand Weapons
 e - a +0 dagger
   (You took it off a goblin on level 1 of the Dungeon)
 g - a +0 hand axe
   (You found it on level 1 of the Dungeon)
 j - a +0 club
   (You took it off a goblin on level 1 of the Dungeon)
 k - a +0 dagger
   (You took it off a kobold on level 1 of the Dungeon)
 l - a +0 dagger
   (You took it off a kobold on level 1 of the Dungeon)
 p - a cursed -2 mace
   (You found it on level 1 of the Dungeon)
Armour
 a - a +0 scale mail (worn)
 b - a +0 shield (worn)
 f - a +0 helmet
   (You took it off Robin on level 2 of the Dungeon)
Jewellery
 v - a +3 ring of dexterity (left claw)
   (You found it on level 2 of the Dungeon)
Scrolls
 n - a scroll of teleportation {unknown}
 o - 2 scrolls of blinking {unknown}
 q - 2 scrolls of identify {unknown}
 r - 4 scrolls of enchant weapon {unknown}
 s - a scroll of magic mapping {unknown}
 x - a scroll of fog {unknown}
 y - a scroll of fear {unknown}
Potions
 c - 2 potions of might
 h - a potion of degeneration {unknown}
 i - 5 potions of heal wounds {unknown}
 m - 2 potions of agility {unknown}
 u - a potion of mutation {unknown}
 w - 2 potions of flight {unknown}
Comestibles
 d - 6 rations
 t - 5 chunks of flesh {@w0}


   Skills:
 + Level 4.8 Fighting
 - Level 2.6 Armour
 - Level 2.6 Shields
 + Level 4.0 Unarmed Combat


You had 3 spell levels left.
You didn't know any spells.
Your spell library was empty.

Dungeon Overview and Level Annotations

Branches:
Dungeon (3/15)

Altars:

Annotations:
D:3 Sigmund


Innate Abilities, Weirdness & Mutations

Your body is rotting away.
You thrive on raw meat.
You are immune to poison.
You have sharp fingernails.
You are carnivorous and can eat meat at any time.
Your flesh is cold resistant. (rC+)
You are immune to negative energy. (rN+++)
You do not regenerate when monsters are visible.
You are immune to unholy pain and torment.
You can survive without breathing.


Message History

The orc barely misses you.
Things that are here:
a hand axe; an orc corpse You closely miss the orc.
The orc hits you but does no damage.
You claw the orc!
You kill the orc!
No target in view!
No target in view!
No target in view!
Eating one of 2 chunks of flesh {@w0}.
You eat one of the 2 chunks of flesh {@w0}.
You feel more resilient.
This raw flesh tastes great!
Eating a chunk of flesh {@w0}.
You eat the chunk of flesh {@w0}.
You feel more resilient.
This raw flesh tastes great!
You butcher the orc corpse.
t - 2 chunks of flesh {@w0}
Things that are here:
a hand axe; an orc skeleton
Things that are here:
a hand axe; an orc skeleton
Things that are here:
a club; a chain mail; an orc corpse You butcher the orc corpse.
t - 5 chunks of flesh {@w0} (gained 3)
Things that are here:
a club; a chain mail
Things that are here:
a club; a chain mail You open the door.
A kobold comes into view.
The kobold shouts!
You hear a shout!
Found a robe.
Found a stone staircase leading down.
There is an open door here.
You closely miss the kobold. The kobold hits you but does no damage.
A hobgoblin comes into view.
You claw the kobold!
You kill the kobold!
Sigmund the Dreaded comes into view.
He is wielding a scythe.
Sigmund shouts!
Sigmund moves out of view.
An adder comes into view.
The adder hisses angrily.
You claw the hobgoblin!
You kill the hobgoblin!
You see here a hobgoblin corpse.
The adder barely misses you.
You barely miss the adder. You block the adder's attack.
Sigmund barely misses you.
You closely miss the adder. You block the adder's attack.
You closely miss the adder. The adder bites you but does no damage.
You block Sigmund's attack. The adder closely misses you.
You scratch the adder.
The adder is lightly wounded.
You block the adder's attack.
Sigmund hits you from afar with a scythe.
You scratch the adder.
The adder is heavily wounded.
You block the adder's attack.
You closely miss the adder.
The adder is heavily wounded.
The adder bites you but does no damage. You block Sigmund's attack.
The adder bites you but does no damage.
You scratch the adder.
The adder is almost dead.
You block Sigmund's attack. The adder bites you.
You closely miss the adder.
The adder is almost dead.
The adder bites you.
Your shield and scale mail prevent you from hitting the adder.
The adder is almost dead.
The adder barely misses you.
Sigmund mumbles some strange words.
Sigmund flickers and vanishes!
Deactivating autopickup; reactivate with Ctrl-A.
You closely miss the adder.
The adder is almost dead.
The adder bites you but does no damage. Something hits you.
The adder bites you but does no damage.
You claw the adder!
You kill the adder!
Your Unarmed Combat skill increases to level 4!
Something hits you!
You are too injured to fight recklessly!
You are too injured to fight recklessly!
You are too injured to fight recklessly!
You are too injured to fight recklessly!
You see here an adder corpse.
You closely miss something. Something hits you!
You miss something. Something hits you.
You miss something. You closely miss something. Something hits you.
* * * LOW HITPOINT WARNING * * *
You closely miss something. Something hits you.
* * * LOW HITPOINT WARNING * * *
You miss something. You claw something!
You hear a zap.
A puff of flame appears from out of thin air!
The puff of flame hits you!
You die...

............##
.....#.#.#...
............###
.....#.#.#....
............# #.
.....#.#.#..# #.#
....$.{.....# #.# # ...
#@..#.###.######.#
....##.##..#.......)..#
........†...#.#.#.))####
...###......#.#.........
#.>....#.#.........
#......#.........#.
#......'.......#.#.
#[.....#####.#.#.#.
##+.########.#.#.#.


There were no monsters in sight!

Vanquished Creatures
  Robin (D:2)
  4 adders
  An ooze (D:3)
  2 worms (D:2)
  A dart slug (D:1)
  3 orcs (D:3)
  11 goblins
  4 hobgoblins
  2 jackals (D:1)
  6 kobolds
  3 bats
  2 frilled lizards
  3 rats
43 creatures vanquished.

Notes
Turn   | Place    | Note
-------+----------+-------------------------------------------
     0 | D:1      | Mgcat the Ghoul Fighter began the quest for the Orb.
     0 | D:1      | Reached XP level 1. HP: 19/19 MP: 0/0
    54 | D:1      | Reached XP level 2. HP: 18/26 MP: 1/1
   576 | D:2      | Reached skill level 3 in Unarmed Combat
   662 | D:2      | Reached XP level 3. HP: 25/33 MP: 2/2
   664 | D:2      | Reached skill level 4 in Fighting
   672 | D:2      | Noticed Robin
   687 | D:2      | HP: 2/33 [Robin/mace (7)]
   982 | D:2      | Killed Robin
  1180 | D:2      | Reached XP level 4. HP: 41/41 MP: 3/3
  1836 | D:3      | Noticed Sigmund
  1851 | D:3      | Reached skill level 4 in Unarmed Combat
  1856 | D:3      | HP: 10/41 [something (4)]
  1857 | D:3      | HP: 4/41 [something (6)]
  1859 | D:3      | Killed from afar by Sigmund

Vault maps used:
D:1:      dpeg_arrival_shelter
D:2:      uniq_robin
D:3:      lemuel_round_altar, serial_glass, glass_columns_a, glass_columns_c,
          glass_columns_b, glass_columns_a, glass_columns_a, uniq_sigmund

Skill      XL: |  1  2  3  4 |
---------------+-------------+-----
Unarmed Combat | 3 4 |  4.0
Fighting       | 4 |  4.8
Armour         | |  2.6
Shields        | |  2.6

Action                   |  1- 3 |  4- 6 || total
-------------------------+-------+-------++-------
Melee: Unarmed           |   126 |    63 ||   189
  Eat: Chunk             |     2 |     4 ||     6
Armor: Scale mail        |    38 |    16 ||    54
Dodge: Dodged            |    35 |    14 ||    49
Block: Shield            |    54 |    27 ||    81

Table legend:
 A = Spawn XP
 B = Non-spawn XP
 C = Spawn XP percentage of total XP
 D = Spawn monster count
 E = Non-spawn monster count
 F = Spawn count percentage of total count
 G = Total turns spent on level
                    A         B        C        D         E        F      G
               +---------+---------+-------+---------+---------+-------+---------
         Total |       0 |     151 |   0.0 |       0 |      43 |   0.0 |  1859
               +---------+---------+-------+---------+---------+-------+---------
           D:1 |       0 |      26 |   0.0 |       0 |      15 |   0.0 |   813
           D:2 |       0 |      77 |   0.0 |       0 |      19 |   0.0 |   888
           D:3 |       0 |      48 |   0.0 |       0 |       9 |   0.0 |   158
               +---------+---------+-------+---------+---------+-------+---------

Vault maps used:
D:1:      dpeg_arrival_shelter
D:2:      uniq_robin
D:3:      lemuel_round_altar, serial_glass, glass_columns_a, glass_columns_c,
          glass_columns_b, glass_columns_a, glass_columns_a, uniq_sigmund

Table legend:
 A = Turns spent in this place as a percentage of turns spent in the entire game.
 B = Non-inter-level travel turns spent in this place as a percentage of non-inter-level travel turns spent in the entire game.
 C = Inter-level travel turns spent in this place as a percentage of turns spent in this place.
 D = Turns resting spent in this place as a percentage of non-inter-level travel turns spent in this place.
 E = Turns spent auto-exploring this place as a percentage of non-inter-level travel turns spent in this place.
 F = Non-inter-level travel turns spent in this place divided by the number of levels of this place that you've seen.
                   A       B       C       D       E      F
               +-------+-------+-------+-------+-------+----------------------
         Total | 100.0 | 100.0 |   2.6 |   3.5 |  77.9 | 603.7
       Dungeon | 100.0 | 100.0 |   2.6 |   3.5 |  77.9 | 603.7
               +-------+-------+-------+-------+-------+----------------------

Table legend:
 A = Kills in this place as a percentage of kills in entire the game.
 B = Kills by you in this place as a percentage of kills by you in the entire game.
 C = Kills by friends in this place as a percentage of kills by friends in the entire game.
 D = Other kills in this place as a percentage of other kills in the entire game.
 E = Experience gained in this place as a percentage of experience gained in the entire game.
 F = Experience gained in this place divided by the number of levels of this place that you have seen.
                   A       B       C       D       E      F
               +-------+-------+-------+-------+-------+----------------------
         Total | 100.0 | 100.0 |   N/A |   N/A | 100.0 |  50.3
       Dungeon | 100.0 | 100.0 |   N/A |   N/A | 100.0 |  50.3
               +-------+-------+-------+-------+-------+----------------------
